 Dungeon Crawl Stone Soup version 0.27-a0-412-g8dd771eca2 (webtiles) character file.

Game seed: 4829924453174644409

16 wakim the Sneak (level 2, -1/15 HPs)
             Began as a Kobold Enchanter on Feb 23, 2021.
             Slain by a hobgoblin (5 damage)
             ... on level 1 of the Dungeon.
             The game lasted 00:01:01 (392 turns).

wakim the Sneak (Kobold Enchanter)                   Turns: 392, Time: 00:01:02

Health: -1/15      AC:  2    Str:  5    XL:     2   Next: 70%
Magic:  5/5        EV: 15    Int: 16    God:
Gold:   21         SH:  0    Dex: 15    Spells: 5/6 levels left

rFire    . . .     SeeInvis .   a - +1 dagger
rCold    . . .     Faith    .   (shield restricted)
rNeg     . . .     Spirit   .   b - +0 robe
rPois    .         Reflect  .   (no helmet)
rElec    .         Harm     .   (no cloak)
rCorr    .         Rampage  .   (no gloves)
Will     .....                  (no boots)
Stlth    ++++......             (no amulet)
HPRegen  0.05/turn              (no ring)
MPRegen  0.09/turn              (no ring)

@: no status effects
A: small, nightstalker 3
a: no special abilities


You were on level 1 of the Dungeon.
You visited 1 branch of the dungeon, and saw 1 of its levels.

You collected 21 gold pieces.

Inventory:

Hand Weapons
 a - a +1 dagger (weapon)
Armour
 b - a +0 robe (worn)
Scrolls
 c - a scroll of random uselessness {unknown}
Potions
 d - 2 potions of degeneration {unknown}


   Skills:
 - Level 1.3 Short Blades
 - Level 2.4 Dodging
 + Level 4.2 Stealth
 * Level 2.6 Spellcasting
 * Level 3.3 Hexes


You had 5 spell levels left.
You knew the following spells:

 Your Spells              Type           Power        Failure   Level
a - Corona                Hex            13%          4%          1

Your spell library contained the following spells:

 Spells                   Type           Power        Failure   Level
 Ensorcelled Hibernation  Hex/Ice        14%          14%         2
 Confusing Touch          Hex            12%          14%         3
 Tukima's Dance           Hex            12%          14%         3
 Dazzling Flash           Conj/Hex       14%          28%         3


Dungeon Overview and Level Annotations

Branches:
Dungeon (1/15)

Altars:


Innate Abilities, Weirdness & Mutations

You are small and have problems with some larger weapons.
You are completely attuned to the shadows.


Message History

Found a glowing whip.
You see here a frilled lizard corpse.
You hit the goblin but do no damage. The goblin closely misses you.
You barely miss the goblin.
A hobgoblin comes into view.
The goblin barely misses you.
The hobgoblin shouts!
You hit the goblin.
The goblin is severely wounded.
You hear a shout!
The goblin hits you.
You closely miss the goblin.
The goblin is severely wounded.
The goblin barely misses you.
You hit the goblin but do no damage.
The goblin is severely wounded.
A kobold comes into view. It is wielding a +0 short sword.
The goblin hits you. The hobgoblin barely misses you.
You barely miss the hobgoblin. The hobgoblin closely misses you.
You hit the hobgoblin.
The hobgoblin is lightly wounded.
The hobgoblin closely misses you.
You closely miss the hobgoblin.
The hobgoblin is lightly wounded.
The hobgoblin hits you.
You hit the hobgoblin.
The hobgoblin is heavily wounded.
The hobgoblin misses you.
You barely miss the hobgoblin.
The hobgoblin is heavily wounded.
The hobgoblin barely misses you.
You hit the hobgoblin.
The hobgoblin is severely wounded.
The hobgoblin hits you.
* * * LOW HITPOINT WARNING * * *
You barely miss the hobgoblin.
The hobgoblin is severely wounded.
The hobgoblin hits you.
You die...

....##### .....K..#
........#
........######
)...†..Kgg@..#
#...########.# ###
#...# #.# ##.# #...###
####.#### ##..# #.....#
#........ ....###..##.#
#........
.........##.###........
....###................
##..###..##.###........


You could see a hobgoblin, a goblin and a kobold.

Vanquished Creatures
  2 dart slugs (D:1)
  3 bats (D:1)
  A giant cockroach (D:1)
  A goblin (D:1)
  2 hobgoblins (D:1)
  A frilled lizard (D:1)
  A kobold (D:1)
  A rat (D:1)
12 creatures vanquished.

Notes
Turn   | Place    | Note
-------+----------+-------------------------------------------
     0 | D:1      | wakim the Kobold Enchanter began the quest for the Orb.
     0 | D:1      | Reached XP level 1. HP: 10/10 MP: 3/3
   121 | D:1      | Reached XP level 2. HP: 12/15 MP: 5/5
   392 | D:1      | Slain by a hobgoblin

Illustrated notes

Levels and vault maps discovered:
D:1:      mushboom_english_gardens, layout_rooms, minmay_tetromino_t4

Action                   || total
-------------------------++-------
Melee: Dagger            ||    50
 Stab: Sleeping          ||     6
Armor: Robe              ||     1
Dodge: Dodged            ||    27

Table legend: (Time is in decaauts)
 A = Elapsed time spent in this place.
 B = Non-inter-level travel time spent in this place.
 C = Inter-level travel time spent in this place.
 D = Time resting spent in this place.
 E = Time spent auto-exploring this place.
 F = Levels seen in this place.
 G = Mean time per level.
                   A        B        C        D        E       F      G
               +--------+--------+--------+--------+--------+-----+--------+
         Total |    389 |    389 |      0 |    196 |     89 |   1 |  389.0 |
       Dungeon |    389 |    389 |      0 |    196 |     89 |   1 |  389.0 |
               +--------+--------+--------+--------+--------+-----+--------+

Top non-repeatable levels by time:
     D:1: 389 daAuts
